 Dungeon Crawl Stone Soup version 0.17-a0-755-g4391640 (console) character file.

78 sose the Chiller (level 4, -4/21 HPs)
             Began as a Vine Stalker Ice Elementalist on Apr 22, 2015.
             Slain by an orc
             ... wielding a +0 war axe of distortion
              (19 damage)
             ... on level 3 of the Dungeon.
             The game lasted 00:04:13 (1867 turns).

sose the Chiller (Vine Stalker Ice Elementalist)    Turns: 1867, Time: 00:04:13

Health: -4/21      AC:  3    Str: 13    XL:     4   Next: 36%
Magic:  0/8        EV: 12    Int: 16    God:
Gold:   151        SH:  0    Dex: 15    Spells: 3 memorised, 1 level left

rFire  . . .     SeeInvis .     q - +0 dagger
rCold  . . .     Clarity  .     a - +0 robe
rNeg   . . .     SustAb   .     (no shield)
rPois  .         Gourm    .     (no helmet)
rElec  .         Spirit   +     (no cloak)
rCorr  .         Warding  .     (no gloves)
rMut   .         Stasis   .     (no boots)
MR     .....                    (no amulet)
Stlth  ++........               (no ring)
                                m - +3 ring of strength

@: not resistant to hostile enchantments, unstealthy
A: fangs 2, regeneration 1, shaggy fur 1, magic shield, antimagic bite, no
device heal 3, rot immunity
a: no special abilities


You were on level 3 of the Dungeon.
You were hungry.

You visited 1 branch of the dungeon, and saw 3 of its levels.

You collected 151 gold pieces.

Inventory:

Hand weapons
 d - a +0 whip
 q - a +0 dagger (weapon)
Armour
 a - a +0 robe (worn)
Jewellery
 m - a +3 ring of strength (left hand)
Scrolls
 e - 3 scrolls of remove curse {unknown}
 g - a scroll of recharging {unknown}
 h - 2 scrolls of magic mapping {unknown}
 i - 3 scrolls of identify {unknown}
 p - a scroll of fog {unknown}
Potions
 f - a potion of heal wounds {unknown}
 j - 3 potions of restore abilities {unknown}
 l - a potion of haste {unknown}
 n - a potion of curing {unknown}
 o - 2 potions of poison {unknown}
Books
 b - a book of Frost

   Spells                             Type                      Level
   a - Freeze                         Ice                          1
   b - Throw Frost                    Conjuration/Ice              2
   c - Ozocubu's Armour               Charms/Ice                   3
   d - Throw Icicle                   Conjuration/Ice              4
   e - Summon Ice Beast               Ice/Summoning                4
   f - Condensation Shield            Ice                          4
Comestibles
 c - 3 bread rations


   Skills:
 - Level 1.5 Dodging
 - Level 2.4 Stealth
 - Level 2.1 Spellcasting
 - Level 1.1 Conjurations
 + Level 2.0 Charms
 + Level 4.4 Ice Magic


You had one spell level left.
You knew the following spells:

 Your Spells              Type           Power        Failure   Level  Hunger
a - Freeze                Ice            ###.         4%          1    #......
b - Throw Frost           Conj/Ice       ##....       12%         2    ###....
c - Ozocubu's Armour      Chrm/Ice       ##......     17%         3    ###....


Dungeon Overview and Level Annotations

Branches:
Dungeon (3/15)

Altars:
Makhleb
Okawaru
Sif Muna
Vehumet
Zin
The Shining One


Innate Abilities, Weirdness & Mutations

You have extremely sharp teeth.
Your natural rate of healing is unusually fast.
You are covered in fur (AC +1).
When hurt, damage is shared between your health and your magic reserves.
Your bite disrupts and absorbs the magic of your enemies.
Potions and wands cannot restore your health.
You are immune to rotting.


Message History

Aiming: Freeze
Press: ? - help, Shift-Dir - straight line, f - orc, p - orc wizard
Aim: an orc, wielding a whip You freeze the orc.
You kill the orc!
You have reached level 4!
You feel agile.
Casting: Freeze
Confirm with . or Enter, or press ? or * to list all spells.
Aiming: Freeze
Press: ? - help, Shift-Dir - straight line, f - orc wizard
Aim: an orc wizard, wielding a dagger and wearing a robe (severely wounded)
You freeze the orc wizard.
You kill the orc wizard!
Your Charms skill increases to level 2!
An orc comes into view. It is wielding a flail.
The orc hits you with a war axe of distortion.
Space warps horribly around you!
Ouch! That really hurt!
You die...

##.#
##............##.##
.#.#
#..##+#######.##.#
.#.# ..# #..#.#
.#.# ..# #..#.#
.#.#############.#
#....#
...#.............#
#.#..#
####.###########.#
#...># ...#.# #.#
#[.#.# .#.#.# #@#
#..#.# .#.#.# #o#
.#.#.# #o# .#.#.#
#.o ##.#.# ###
.#.#.# .#.#.#
.#.#.# .#.#.#


You could see 3 orcs.

Vanquished Creatures
  An orc wizard (D:3)
  3 worms
  A giant gecko (D:1)
  An orc (D:3)
  8 bats
  2 giant cockroaches (D:2)
  7 goblins
  4 hobgoblins
  2 jackals (D:2)
  A quokka (D:2)
  3 giant newts
  6 kobolds
  5 rats
44 creatures vanquished.

Notes
Turn   | Place    | Note
--------------------------------------------------------------
     0 | D:1      | sose, the Vine Stalker Ice Elementalist, began the quest for the Orb.
     0 | D:1      | Reached XP level 1. HP: 9/9 MP: 4/4
   202 | D:1      | Reached XP level 2. HP: 13/13 MP: 6/6
   531 | D:1      | Learned a level 2 spell: Throw Frost
   880 | D:2      | Found a burning altar of Makhleb.
   885 | D:2      | Reached skill level 4 in Ice Magic
   892 | D:2      | Reached XP level 3. HP: 16/16 MP: 7/7
   897 | D:2      | Learned a level 3 spell: Ozocubu's Armour
   961 | D:2      | Found a glowing golden altar of the Shining One.
  1078 | D:2      | Found a glowing silver altar of Zin.
  1078 | D:2      | Found an iron altar of Okawaru.
  1080 | D:2      | Found a radiant altar of Vehumet.
  1081 | D:2      | Found a deep blue altar of Sif Muna.
  1369 | D:2      | Reached skill level 1 in Charms
  1865 | D:3      | Reached XP level 4. HP: 17/21 MP: 2/8
  1867 | D:3      | Slain by an orc

Action                   |  1- 3 |  4- 6 || total
-------------------------+-------+-------++-------
Melee: Whip              |   100 |       ||   100
       Unarmed           |     5 |       ||     5
       Dagger            |     4 |       ||     4
 Cast: Freeze            |    30 |     2 ||    32
 Stab: Sleeping          |     3 |       ||     3
  Eat: Chunk             |     3 |       ||     3
